 Dungeon Crawl Stone Soup version 0.30.1-6-gbe392663c4 (webtiles) character file.

Game seed: 4943832816344463641

429 arthad the Sneak (level 6, -7/28 HPs)
             Began as a Spriggan Earth Elementalist on Sept 20, 2023.
             Mangled by an orc
             ... wielding a +0 mace
              (8 damage)
             ... on level 3 of the Dungeon.
             The game lasted 00:06:25 (3623 turns).

arthad the Sneak (Spriggan Earth Elementalist)      Turns: 3623, Time: 00:06:25

Health: -7/28      AC:  2    Str:  4    XL:     6   Next: 66%
Magic:  3/13       EV: 19    Int: 25    God:
Gold:   271        SH:  0    Dex: 15    Spells: 13/14 levels left

rFire   + . .        (weapon restricted)
rCold   . . .        (no shield)
rNeg    . . .        a - +0 robe
rPois   .            (helmet restricted)
rElec   .            (no cloak)
rCorr   .            (gloves unavailable)
SInv    +            (boots unavailable)
Will    +....        (no amulet)
Stlth   +++          f - +6 ring of intelligence
HPRegen 0.24/turn    k - ring of protection from fire
MPRegen 0.13/turn

%: no passive effects
@: very quick
A: very small, no large weapons, unfitting armour, see invisible, speed 3
a: no special abilities


You were on level 3 of the Dungeon.
You visited 1 branch of the dungeon, and saw 3 of its levels.

You collected 271 gold pieces.

Inventory:

Hand Weapons
 r - a +0 dagger of electrocution
 t - a +1 whip of venom
Missiles
 j - 4 poisoned darts
 s - a throwing net
Armour
 a - a +0 robe (worn)
Jewellery
 f - a +6 ring of intelligence (left hand)
 k - a ring of protection from fire (right hand)
 p - a +6 ring of strength
Wands
 l - a wand of polymorph (10)
Scrolls
 d - a scroll of identify
 e - a scroll of poison
 g - a scroll of teleportation
 h - a scroll of immolation {unknown}
 m - a scroll of blinking {unknown}
 q - a scroll of vulnerability {unknown}
 u - 2 scrolls of brand weapon {unknown}
 v - a scroll of fog {unknown}
Potions
 b - a potion of magic
 c - a potion of lignification {unknown}
 i - 2 potions of haste {unknown}
 n - a potion of flight {unknown}
 o - a potion of heal wounds {unknown}


   Skills:
 + Level 4.9 Dodging
 + Level 5.6 Stealth
 + Level 4.5 Spellcasting
 + Level 4.0 Transmutations
 + Level 3.9 Earth Magic


You had 13 spell levels left.
You knew the following spells:

 Your Spells              Type           Power      Damage    Failure   Level
a - Sandblast             Erth           50%        2d12      1%          1

Your spell library contained the following spells:

 Spells                   Type           Power      Damage    Failure   Level
 Passwall                 Tmut/Erth      20%        N/A       2%          2
 Stone Arrow              Conj/Erth      30%        3d8       12%         3
 Petrify                  Tmut/Erth      25%        N/A       17%         4
 Vhi's Electric Charge    Tloc/Air       10%        N/A       26%         3
 Arcjolt                  Conj/Air       2%         1d12      94%         5
 Maxwell's Capacitive Co  Air            2%         ∞         100%        8


Dungeon Overview and Level Annotations

Branches:
Dungeon (3/15)

Altars:

Shops:
D:3 [

Annotations:
D:3 3 runed translucent doors, OlManJenkins's ghost, weakling DgIE; Yeesh's ghost, weakling FeTm; boopmooplesden's ghost, amateur AtFi


Innate Abilities, Weirdness & Mutations

You are very small and have problems with some larger weapons.
You are too small for most types of armour.
You have supernaturally acute eyesight. (SInv)
You cover ground extremely quickly. (Speed+++)


Message History

The orc priest completely misses you. The orc hits you with a +0 mace!
Aiming: Sandblast (safe; 1% risk of failure)
Press: ? - help, Q - select action, (/) - cycle Shift-Dir - straight line, f/p - orc priest
Aim: an orc priest, wielding a +0 mace and wearing a +0 scale mail (85% to hit)
The blast of sand hits the orc priest but does no damage.
The orc priest hits you with a +0 mace. The orc closely misses you.
The orc completely misses you.
The orc priest calls down the wrath of Beogh upon you.
You resist with significant effort.
Aiming: Sandblast (safe; 1% risk of failure)
Press: ? - help, Q - select action, (/) - cycle Shift-Dir - straight line, f/p - orc priest
Aim: an orc priest, wielding a +0 mace and wearing a +0 scale mail (85% to hit)
The blast of sand hits the orc priest.
The orc priest is moderately wounded.
The orc priest closely misses you. The orc completely misses you.
Aiming: Sandblast (safe; 1% risk of failure)
Press: ? - help, Q - select action, (/) - cycle Shift-Dir - straight line, f/p - orc priest
Aim: an orc priest, wielding a +0 mace and wearing a +0 scale mail (moderately wounded, 85% to hit)
The blast of sand hits the orc priest.
The orc priest is heavily wounded.
The orc priest hits you with a +0 mace. The orc misses you.
The orc hits you with a +0 mace!
* * * LOW HITPOINT WARNING * * *
The orc priest misses you.
Aiming: Sandblast (safe; 1% risk of failure)
Press: ? - help, Q - select action, (/) - cycle Shift-Dir - straight line, f/p - orc priest
Aim: an orc priest, wielding a +0 mace and wearing a +0 scale mail (heavily wounded, 85% to hit)
The blast of sand hits the orc priest but does no damage.
The orc priest is heavily wounded.
The orc priest completely misses you. The orc hits you with a +0 mace.
* * * LOW HITPOINT WARNING * * *
Aiming: Sandblast (safe; 1% risk of failure)
Press: ? - help, Q - select action, (/) - cycle Shift-Dir - straight line, f/p - orc priest
Aim: an orc priest, wielding a +0 mace and wearing a +0 scale mail (heavily wounded, 85% to hit)
The blast of sand hits the orc priest.
The orc priest is severely wounded.
The orc priest completely misses you. The orc hits you with a +0 mace.
* * * LOW HITPOINT WARNING * * *
The orc hits you with a +0 mace!
You die...

.#.#..).#.....)...)........#....#
.#.######.........)......).######
.#.'....'.................)'....'
.#.'....'..................'....'
.#.##############''##############
.#.#.....#######....####### #
.#.#.....).)...)....'.....+ #
##'#.....#######....####### #
...#############@)''#############
...#............oo..............#
####)~≈~≈~~)~~~)....~~~~~~~~~~~~#
≈≈≈≈≈≈≈≈≈≈≈~~≈≈≈....~~~≈≈≈≈≈≈≈~≈≈
~≈~~~~~~~≈≈~≈~≈[....≈~≈~~~~~~~~~~
...............).)...............
................)..)...........>#
.###..#########.......#......##.#
.# ##..###### #.###.###.####.##.#


You could see an orc priest and an orc.

Vanquished Creatures
  A howler monkey (D:3)
  A hound (D:3)
  An orc priest (D:3)
  2 orc wizards (D:3)
  Robin (D:2)
  13 gnolls (D:3)
  3 adders (D:2)
  2 worms (D:2)
  23 orcs (D:3)
  4 bats
  4 endoplasms
  A giant cockroach (D:3)
  7 goblins (D:2)
  4 hobgoblins
  14 jackals (D:3)
  2 kobolds (D:2)
  A quokka (D:2)
  8 ball pythons
  2 frilled lizards
  5 rats
99 creatures vanquished.

Notes
Turn   | Place    | Note
-------+----------+-------------------------------------------
     0 | D:1      | arthad the Spriggan Earth Elementalist began the quest for
                  | the Orb.
     0 | D:1      | Reached XP level 1. HP: 9/9 MP: 5/5
   483 | D:1      | Reached XP level 2. HP: 13/13 MP: 4/6
  1289 | D:2      | Reached XP level 3. HP: 16/16 MP: 5/8
  1409 | D:2      | Noticed Robin
  1436 | D:2      | Killed Robin
  1712 | D:2      | Reached skill level 4 in Stealth
  1712 | D:2      | Reached XP level 4. HP: 21/21 MP: 8/10
  2490 | D:3      | Found a runed translucent gate.
  2490 | D:3      | Found a runed translucent gate.
  2490 | D:3      | Found a runed translucent gate.
  2490 | D:3      | Noticed boopmooplesden's ghost (amateur AtFi)
  2491 | D:3      | Noticed OlManJenkins's ghost (weakling DgIE)
  2491 | D:3      | Noticed Yeesh's ghost (weakling FeTm)
  2493 | D:3      | Found Rowkoqes's Armour Shop.
  2648 | D:3      | Reached XP level 5. HP: 24/24 MP: 9/11
  2996 | D:3      | Reached skill level 5 in Stealth
  3106 | D:3      | Reached XP level 6. HP: 28/28 MP: 8/13
  3622 | D:3      | HP: 1/28 [orc/+0 mace (6)]
  3623 | D:3      | Mangled by an orc

Illustrated notes

Levels and vault maps discovered:
D:1:      onia_arrival_handbag, layout_loops_corners
D:2:      layout_loops_ring, roderic_lattice_a, uniq_robin
D:3:      lemuel_castle_with_subvaults [lemuel_castle_interior_original],
          layout_basic, serial_shops, nicolae_shop_tiny_waterfront,
          gammafunk_ghost_cemetery

Skill      XL: |  1  2  3  4  5  6 |
---------------+-------------------+-----
Dodging        | 3 4 |  4.9
Spellcasting   | 3 4 |  4.5
Transmutations | 2 3 4 |  4.0
Earth Magic    | 3 |  3.9
Stealth        | 4 5 |  5.6

Action                     |  1- 3 |  4- 6 || total
---------------------------+-------+-------++-------
   Cast: Sandblast         |    53 |   117 ||   170
    Use: Scroll            |       |     2 ||     2
  Dodge: Dodged            |     6 |    29 ||    35
